 Dungeon Crawl Stone Soup version 0.19.5 (webtiles) character file.

89 bobbobbob the Conjurer (level 4, -1/33 HPs)
             Began as a Draconian Conjurer on May 14, 2017.
             Slain by a sky beast (5 damage)
             ... on level 2 of the Dungeon.
             The game lasted 00:12:49 (2807 turns).

bobbobbob the Conjurer (Draconian Conjurer)         Turns: 2807, Time: 00:12:50

Health: -1/33      AC:  5    Str: 10    XL:     4   Next: 31%
Magic:  3/7        EV: 12    Int: 17    God:
Gold:   63         SH:  0    Dex: 11    Spells: 1 memorised, 7 levels left

rFire  . . .     SeeInvis .     (no weapon)
rCold  . . .     Gourm    .     (armour unavailable)
rNeg   . . .     Faith    .     (no shield)
rPois  .         Spirit   .     (helmet restricted)
rElec  .         Reflect  .     (no cloak)
rCorr  .         Harm     .     (no gloves)
MR     .....                    (no boots)
Stlth  ++........               (no amulet)
                                (no ring)
                                (no ring)

@: no status effects
A: unfitting armour, cold-blooded, AC +5
a: no special abilities


You were on level 2 of the Dungeon.
You were not hungry.

You visited 1 branch of the dungeon, and saw 3 of its levels.

You collected 63 gold pieces.

Inventory:

Jewellery
 d - a +3 ring of strength {unknown}
Scrolls
 e - a scroll of magic mapping {unknown}
 g - 2 scrolls of identify {unknown}
 h - a scroll of remove curse {unknown}
 i - a scroll of immolation {unknown}
 j - 3 scrolls of enchant armour {unknown}
Potions
 b - a potion of lignification {unknown}
 c - a potion of cancellation {unknown}
Books
 a - a book of Conjurations

   Spells                             Type                      Level
   a - Magic Dart                     Conjuration                  1
   b - Searing Ray                    Conjuration                  2
   c - Dazzling Spray                 Conjuration/Hexes            3
   d - Fulminant Prism                Conjuration/Hexes            4
   e - Iskenderun's Mystic Blast      Conjuration                  4
   f - Iskenderun's Battlesphere      Conjuration/Charms           5
Comestibles
 f - a meat ration


   Skills:
 - Level 0.2 Fighting
 + Level 2.0 Dodging
 + Level 2.2 Stealth
 + Level 2.6 Spellcasting
 + Level 5.1 Conjurations


You had 7 spell levels left.
You knew the following spells:

 Your Spells              Type           Power        Failure   Level  Hunger
a - Magic Dart            Conj           ###.         2%          1    #......


Dungeon Overview and Level Annotations

Branches:
Dungeon (3/15)

Altars:
Cheibriados


Innate Abilities, Weirdness & Mutations

Your plain brown scales are hard. (AC +5)
You cannot fit into any form of body armour.
You are cold-blooded and may be slowed by cold attacks.


Message History

Something hits you.
* * * LOW HITPOINT WARNING * * *
Something shocks you.
* * * LOW HITPOINT WARNING * * *
You climb upwards.
There is a stone staircase leading down here.
Something completely misses you.
A sky beast appears from thin air!
Reactivating autopickup.
Casting: Magic Dart
Confirm with . or Enter, or press ? or * to list all spells.
Aiming: Magic Dart
Press: ? - help, Shift-Dir - straight line, f - sky beast
Aim: a sky beast (lightly wounded)
The magic dart hits the sky beast.
The sky beast is lightly wounded.
The sky beast flickers out of sight!
Deactivating autopickup; reactivate with Ctrl-A.
Something hits you.
You die...

##+###.............#.#..# #..#.#
.....#.####..####..#.#..# #.....
.........###'###...#.#..####....#
.........##....#...#.........)..#
.........##....#.................
.....#.####....#...###.######....
.......# #....#...# #.######.##.
.._.#### ###..#...# #.#.....<...
#...# ##.#@.## #.#.#####.#. #####
#######..{.####.#.# #.....
#...............#.###.#.#.
#......#...###............
#......##..#.#.##.###.#...
#......##..#...##.##....#.
#......##..#.####.##....#.
#......##.>.............#.
#......#######.##.##....#.


There were no monsters in sight!

Vanquished Creatures
  3 adders (D:2)
  An ooze (D:1)
  A worm (D:2)
  2 dart slugs
  2 leopard geckos
  An orc (D:3)
  3 giant cockroaches (D:2)
  5 hobgoblins
  3 jackals (D:3)
  4 kobolds
  A ball python (D:1)
  3 bats (D:1)
  3 frilled lizards
  11 goblins
  4 rats
47 creatures vanquished.

Notes
Turn   | Place    | Note
-------+----------+-------------------------------------------
     0 | D:1      | bobbobbob the Draconian Conjurer began the quest for the Orb.
     0 | D:1      | Reached XP level 1. HP: 14/14 MP: 3/3
   389 | D:1      | Reached XP level 2. HP: 20/20 MP: 0/5
  1180 | D:2      | Reached XP level 3. HP: 26/26 MP: 2/6
  1742 | D:2      | Reached skill level 5 in Conjurations
  1867 | D:2      | Reached XP level 4. HP: 33/33 MP: 4/7
  2016 | D:2      | Found a snail-covered altar of Cheibriados.
  2756 | D:3      | Noticed a sky beast
  2807 | D:2      | Slain by a sky beast

Skill      XL: |  1  2  3 |
---------------+----------+-----
Dodging        | 2 |  2.0
Stealth        | 2 |  2.2
Conjurations   | 5 |  5.1
Fighting       | |  0.2
Spellcasting   | |  2.6

Action                   |  1- 3 |  4- 6 || total
-------------------------+-------+-------++-------
Melee: Unarmed           |    16 |     4 ||    20
 Cast: Magic Dart        |    80 |    48 ||   128
  Eat: Bread ration      |     1 |       ||     1
       Meat ration       |       |     1 ||     1
Armor: Skin              |     8 |     6 ||    14
Dodge: Dodged            |    21 |    11 ||    32
